 Dungeon Sprint DCSS version 0.16-a0-4088-g7c8221e (console) character file.

1400000 Monkaria the Warrior (level 11, -24/116 HPs)
             Began as a Ghoul Fighter on Feb 23, 2015.
             Was an Initiate of Makhleb.
             Annihilated by a meat berserker
             ... wielding a +9 battleaxe
              (70 damage)
             ... in the Dungeon (Sprint VIII: "Arena of Blood").
             The game lasted 00:00:28 (14 turns).

Monkaria the Warrior (Ghoul Fighter)                  Turns: 14, Time: 00:00:28

Health: -24/116    AC:  9    Str: 21    XL:     11   Next: 63%
Magic:  8/8        EV: 10    Int:  6    God:    Makhleb [......]
Gold:   0          SH:  0    Dex:  8    Spells: 0 memorised, 10 levels left

rFire  . . .     SeeInvis .     g - +∞ Axe of Woe
rCold  + . .     Clarity  .     b - +0 scale mail
rNeg   + + +     SustAb   .     (no shield)
rPois  ∞         Gourm    .     (no helmet)
rElec  .         Spirit   .     (no cloak)
rCorr  .         Warding  .     (no gloves)
rMut   .         NoTele   +     (no boots)
MR     .....                    (no amulet)
Stlth  ..........               (no ring)
                                (no ring)

@: very slightly contaminated, rotting, hasted, very quick, not resistant to
hostile enchantments, extremely unstealthy
A: rotting body, claws 1, carnivore 3, cold resistance 1, negative energy
resistance 3, poison resistance, slow healing 1, torment resistance, unbreathing
a: Renounce Religion


You were in the Dungeon.
You worshipped Makhleb.
Makhleb was noncommittal.
You were not hungry.

You visited 1 branch

Inventory:

Hand weapons
 a - a +0 war axe
 g - the +∞ Axe of Woe (weapon)
   (You found it in the Dungeon)
Armour
 b - a +0 scale mail (worn)
 c - a +0 shield
Scrolls
 j - a scroll of blinking
Potions
 d - a potion of curing
 e - a potion of might
 f - a potion of heal wounds
 h - 2 potions of magic


   Skills:
 + Level 16.7 Fighting
 + Level 7.7 Axes
 + Level 14.4 Armour
 + Level 14.2 Shields


You had 10 spell levels left.
You didn't know any spells.

Dungeon Overview and Level Annotations

Branches:
Dungeon (1/1)

Altars:
Makhleb


Innate Abilities, Weirdness & Mutations

Your body is rotting away.
You thrive on raw meat.
You have sharp fingernails.
You are carnivorous and can eat meat at any time.
Your flesh is cold resistant.
You are immune to negative energy.
Your system is resistant to poisons.
You heal slowly when monsters are visible.
You are immune to unholy pain and torment.
You can survive without breathing.


Message History

You have reached level 4!
You have reached level 5!
You feel stronger.
You have reached level 6!
Your experience leads to an increase in your attributes!
Increase (S)trength, (I)ntelligence, or (D)exterity?
You feel clever.
You have reached level 7!
You have reached level 8!
You have reached level 9!
Your experience leads to an increase in your attributes!
Increase (S)trength, (I)ntelligence, or (D)exterity?
You feel clever.
You have reached level 10!
You feel stronger.
You have reached level 11!
You hear a shout! x7
The meat berserker hits you with a +9 battleaxe!!!
Ouch! That really hurt!
You die...

. .... .... o ...
.. #.. o# #.. ..#
..###.. ..###.
...o.o..###.......
#.......@Oo.......
......#.)...#.....
... #_.<._# . .
#.....#
....._.....
......###......
.###.. ..###. #..
..# #.. ..#


You could see a meat berserker (berserk) and 3 bags of meat.

Vanquished Creatures
  An orc (D)
1 creature vanquished.

Notes
Turn   | Place    | Note
--------------------------------------------------------------
     0 | D        | Monkaria, the Ghoul Fighter, began the quest for the Orb.
     0 | D        | Reached XP level 1. HP: 19/19 MP: 1/1
     3 | D        | Noticed a bag of meat
     6 | D        | Noticed a bag of meat
     7 | D        | Noticed a bag of meat
     8 | D        | Noticed a bag of meat
    10 | D        | Noticed a bag of meat
    10 | D        | Became a worshipper of Makhleb the Destroyer
    11 | D        | Noticed a bag of meat
    13 | D        | Noticed a meat berserker
    14 | D        | Killed a bag of meat
    14 | D        | Reached skill level 16 in Fighting
    14 | D        | Reached XP level 2. HP: 22/50 MP: 2/2
    14 | D        | Reached XP level 3. HP: 25/57 MP: 3/3
    14 | D        | Reached XP level 4. HP: 28/64 MP: 3/3
    14 | D        | Reached XP level 5. HP: 31/71 MP: 4/4
    14 | D        | Reached XP level 6. HP: 34/80 MP: 5/5
    14 | D        | Reached XP level 7. HP: 36/86 MP: 5/5
    14 | D        | Reached XP level 8. HP: 39/94 MP: 6/6
    14 | D        | Reached XP level 9. HP: 41/101 MP: 7/7
    14 | D        | Reached XP level 10. HP: 43/108 MP: 7/7
    14 | D        | Reached XP level 11. HP: 46/116 MP: 8/8
    14 | D        | Annihilated by a meat berserker

Action                   |  1- 3 |  4- 6 |  7- 9 | 10-12 || total
-------------------------+-------+-------+-------+-------++-------
Melee: Executioner's axe |     1 |       |       |       ||     1
  Use: Potion            |     1 |       |       |       ||     1
